 Dungeon Crawl Stone Soup version 0.28.0 (webtiles) character file.

Game seed: 17528298523789438664

349 crazypyro the Chopper (level 6, -5/52 HPs)
             Began as a Minotaur Fighter on Feb 6, 2022.
             Killed by divine providence
             ... invoked by an orc priest
              (13 damage)
             ... on level 4 of the Dungeon.
             The game lasted 00:02:32 (2901 turns).

crazypyro the Chopper (Minotaur Fighter)            Turns: 2901, Time: 00:02:33

Health: -5/52      AC:  5    Str: 24    XL:     6   Next: 33%
Magic:  4/4        EV:  9    Int:  5    God:
Gold:   157        SH:  4    Dex: 10    Spells: 5/5 levels left

rFire   . . .      SeeInvis .   a - +0 war axe
rCold   . . .      Faith    .   c - +0 buckler
rNeg    . . .      Spirit   .   b - +0 scale mail
rPois   .          Reflect  .   (helmet restricted)
rElec   .          Harm     .   (no cloak)
rCorr   .          Rampage  .   i - +0 pair of gloves
Will    .....                   (no boots)
Stlth   ..........              (no amulet)
HPRegen 0.17/turn               (no ring)
MPRegen 0.09/turn               (no ring)

@: no status effects
A: horns 2, retaliatory headbutt, deformed body, low MP 1, strong 1
a: no special abilities


You were on level 4 of the Dungeon.
You visited 1 branch of the dungeon, and saw 4 of its levels.

You collected 157 gold pieces.

Inventory:

Hand Weapons
 a - a +0 war axe (weapon)
Armour
 b - a +0 scale mail (worn)
 c - a +0 buckler (worn)
 i - a +0 pair of gloves (worn)
Scrolls
 e - 3 scrolls of identify
 f - 2 scrolls of blinking {unknown}
 g - a scroll of amnesia {unknown}
 j - a scroll of noise {unknown}
 l - a scroll of enchant armour {unknown}
 m - a scroll of fear {unknown}
Potions
 d - a potion of might
 h - a potion of curing {unknown}
 k - a potion of invisibility {unknown}


   Skills:
 - Level 4.1 Fighting
 + Level 7.4 Axes
 - Level 4.1 Armour
 - Level 4.1 Shields


You had 5 spell levels left.
You didn't know any spells.
Your spell library contained the following spells:

 Spells                   Type           Power      Damage    Failure   Level
 Lightning Bolt           Conj/Air       0%         1d11      100%        5
 Conjure Ball Lightning   Conj/Air       0%         3x3d6     100%        6
 Chain Lightning          Conj/Air       0%         N/A       100%        9


Dungeon Overview and Level Annotations

Branches:
Dungeon (4/15)
 Temple: D:4-7

Altars:
Xom
Zin

Shops:
D:1 (   D:4 *

Annotations:
D:3 2 runed translucent doors, Nonny's ghost, weakling VSWn


Innate Abilities, Weirdness & Mutations

You have a pair of horns on your head.
You reflexively headbutt those who attack you in melee.
Armour fits poorly on your strangely shaped body.
Your magical capacity is low. (-10% MP)
Your muscles are strong. (Str +2)


Message History

You miss the hound.
The hound is heavily wounded.
The hound bites you but does no damage. x2
You hit the hound but do no damage.
The hound is heavily wounded.
The orc priest begins to cast a cantrip, but forgets the words!
The hound barely misses you.
You closely miss the hound. Your headbutt misses the hound.
The hound is heavily wounded.
You block the hound's attack. The hound bites you but does no damage.
You hit the hound but do no damage.
The hound is heavily wounded.
You block the hound's attack. The hound barely misses you.
You hit the hound. Your headbutt misses the hound.
The hound is severely wounded.
The hound misses you. The hound bites you.
* * * LOW HITPOINT WARNING * * *
You closely miss the hound. Your headbutt misses the hound.
The hound is severely wounded.
The hound bites you but does no damage.
You closely miss the hound.
The hound is severely wounded.
The hound closely misses you. The hound bites you but does no damage.
You closely miss the hound.
The hound is severely wounded.
The hound closely misses you. The hound bites you but does no damage.
You slash the hound!
You kill the hound!
The orc wizard points at you and mumbles some strange words.
The magic dart hits you!
* * * LOW HITPOINT WARNING * * *
You block the orc wizard's attack.
You see here a hound corpse.
You closely miss the orc wizard.
The orc wizard mumbles some strange words.
The orc wizard flickers and vanishes!
Deactivating autopickup; reactivate with Ctrl-A.
The orc priest mumbles some strange prayers to Beogh against you.
Beogh smites you!
You die...

... #... .#.. ..# #.
#########..#[.. .#
...?...oho....# .#
#go.....####.# ##
#{#####.#..... ..
#@#...#.#.##.###..
#.#...#.#.##......
#.##..#.#.##..#.#.
#............#...#
#####.#####....∩.. #.#
#..#...# ########.#
##..#.#. #.####<.......#
#......
#.......############.#####


You could see a black bear, 2 orc priests, an orc and a goblin.

Vanquished Creatures
  An ogre (D:3)
  A necrophage (D:4)
  A scorpion (D:4)
  A hound (D:4)
  4 adders
  2 worms (D:3)
  2 dart slugs
  4 ball pythons
  An endoplasm (D:1)
  A giant cockroach (D:2)
  5 hobgoblins
  5 jackals
  6 kobolds
  7 bats
  A frilled lizard (D:2)
  6 goblins
  6 rats
54 creatures vanquished.

Vanquished Creatures (others)
  2 fungi (D:1)
  2 plants (D:1)
4 creatures vanquished.

Grand Total: 58 creatures vanquished

Notes
Turn   | Place    | Note
-------+----------+-------------------------------------------
     0 | D:1      | crazypyro the Minotaur Fighter began the quest for the Orb.
     0 | D:1      | Reached XP level 1. HP: 19/19 MP: 0/0
   157 | D:1      | Found Fofairchio's Weapon Shop.
   194 | D:1      | Reached XP level 2. HP: 27/27 MP: 1/1
   331 | D:1      | Found a faded altar of an unknown god.
   858 | D:2      | Reached skill level 3 in Axes
   919 | D:2      | Got the Grimoire of Flight
   966 | D:2      | Reached XP level 3. HP: 33/33 MP: 2/2
  1110 | D:2      | Gained mutation: Armour fits poorly on your strangely
                  | shaped body. [potion of mutation]
  1110 | D:2      | Gained mutation: Your magical capacity is low. (-10% MP)
                  | [potion of mutation]
  1110 | D:2      | Gained mutation: Your muscles are strong. (Str +2) [potion
                  | of mutation]
  1770 | D:3      | Noticed an angel
  1775 | D:3      | Found a shimmering altar of Xom.
  1776 | D:3      | Found a glowing silver altar of Zin.
  1891 | D:3      | Noticed an ogre
  1896 | D:3      | Killed an ogre
  1897 | D:3      | Reached skill level 5 in Axes
  1897 | D:3      | Reached XP level 4. HP: 24/40 MP: 2/2
  1897 | D:3      | Reached XP level 5. HP: 28/46 MP: 3/3
  2330 | D:3      | Found a large runed translucent door.
  2331 | D:3      | Found a large runed translucent door.
  2333 | D:3      | Noticed Nonny's ghost (weakling VSWn)
  2592 | D:4      | Reached skill level 6 in Axes
  2656 | D:4      | Noticed a necrophage
  2659 | D:4      | Found Gunerphia's Overcharged Wands.
  2663 | D:4      | Killed a necrophage
  2664 | D:4      | Reached skill level 7 in Axes
  2664 | D:4      | Reached XP level 6. HP: 36/52 MP: 4/4
  2901 | D:4      | Killed from afar by an orc priest

Illustrated notes

Levels and vault maps discovered:
D:1:      sevenhm_arrival_forest_fort_large_2, layout_loops_ring, serial_shops,
          shop_fountains, shapermc_ecumenical_altar_gd
D:2:      layout_basic, kennysheep_generic_room_3
D:3:      layout_basic, grunt_temple_overflow_order_and_chaos_1,
          ebering_ghost_disaster_area
D:4:      layout_basic, minmay_temple_entry_nine_rooms,
          nicolae_shop_overcharged_wands

Skill      XL: |  1  2  3  4  5 |
---------------+----------------+-----
Armour         | 4 |  4.1
Fighting       | 4 |  4.1
Shields        | 4 |  4.1
Axes           | 3 5 7 |  7.4

Action                   |  1- 3 |  4- 6 || total
-------------------------+-------+-------++-------
Melee: War axe           |    92 |    52 ||   144
       Headbutt          |     8 |     8 ||    16
  Use: Scroll            |     1 |       ||     1
       Potion            |     1 |       ||     1
Armor: Scale mail        |    51 |    20 ||    71
Dodge: Dodged            |    44 |    19 ||    63
Block: Buckler           |    17 |    13 ||    30
